Map: Ruins of Seras

Players

Inflicted

  • Race: Terran Terran

iNcontroLRC (INcontroL) - Winner!

  • Race: Protoss Protoss

Event: LycanGTV LotV Beta Tournament 1

VOD

Have the link to the VOD?

Description

Time

  • Played on: April 2, 2015, 1:07 p.m.
  • Length: 7:33

All games in this series

Show
View Real Time Build Order
Export as new Build Order

Inflicted Terran 

Build Orders: Cyclone Opening 

Get SALT Encoding   

  12  0:01  SCV  
  13  0:13  SCV  
  14  0:18  Supply Depot  
  14  0:25  SCV  
  15  0:39  SCV  
  15  0:42  Barracks  
  16  0:45  Refinery  
  16  0:51  SCV  
  16  0:55  Refinery  
  17  1:04  SCV  
  18  1:16  SCV  
  19  1:30  Supply Depot, Reaper, Orbital Command  
  20  1:44  Factory  
  20  1:55  SCV  
  21  2:02  Barracks Tech Lab  
  21  2:07  SCV  
  22  2:19  SCV  
  23  2:25  Command Center  
  23  2:35  SCV  
  23  2:37  Cyclone  
  26  2:47  Barracks Tech Lab  
  26  2:50  SCV, Barracks  
  27  2:56  Supply Depot  
  27  3:03  SCV  
  28  3:09  Cyclone  
  31  3:17  SCV, Marauder  
  34  3:26  Supply Depot  
  34  3:28  Stimpack  
  34  3:29  SCV  
  35  3:35  Starport  
  35  3:44  Orbital Command  
  35  3:45  Marine  
  35  3:47  Marine  
  37  3:51  SCV  
  38  4:00  Cyclone  
  41  4:03  SCV  
  41  4:04  Marine  
  41  4:07  Marine  
  44  4:13  SCV  
  44  4:15  SCV  
  46  4:17  Refinery, Medivac  
  48  4:24  Marine  
  48  4:25  Barracks  
  48  4:27  SCV  
  48  4:28  SCV  
  48  4:30  Marine  
  52  4:37  Engineering Bay  
  52  4:39  SCV  
  52  4:40  SCV  
  52  4:41  Refinery  
  52  4:44  Marauder  
  44  5:10  Missile Turret  
  44  5:12  Missile Turret  
  42  5:16  Marauder  
  44  5:21  Marine  
  44  5:22  Marine  
  44  5:24  Terran Infantry Weapons Level 1  
  44  5:30  SCV  
  42  5:38  Marauder  
  42  5:39  Marine x2  
  42  5:41  SCV  
  47  5:44  SCV  
  48  5:58  Missile Turret  
  48  6:03  SCV  
  47  6:14  SCV  
  47  6:15  SCV  
  48  6:27  Missile Turret  
  48  6:39  Marauder, Marine  
  51  6:48  Marine  
  51  6:52  SCV  
  51  6:53  SCV  
  54  6:57  Marine  
  54  7:00  Marine  
  56  7:06  Marine  
Show
View Real Time Build Order
Export as new Build Order

iNcontroLRC Protoss - Winner!

Build Orders: Dark Templar Rush 

Get SALT Encoding   

  12  0:00  Probe  
  13  0:13  Probe  
  14  0:17  Pylon  
  14  0:35  Probe (Chrono Boost)  
  14  0:36  Gateway  
  15  0:46  Probe (Chrono Boost)  
  15  0:47  Assimilator  
  16  0:50  Assimilator  
  16  0:52  Probe (Chrono Boost)  
  17  1:05  Probe (Chrono Boost)  
  17  1:07  Pylon  
  18  1:14  Probe (Chrono Boost)  
  19  1:22  Probe  
  19  1:23  Cybernetics Core  
  20  1:34  Probe (Chrono Boost)  
  21  1:45  Probe (Chrono Boost)  
  22  1:51  Probe  
  23  1:54  Pylon  
  23  1:59  Stalker, Warp Gate (Chrono Boost)  
  25  2:03  Mothership Core  
  27  2:24  Twilight Council, Probe  
  27  2:29  Stalker  
  30  2:40  Probe (Chrono Boost)  
  32  2:52  Probe (Chrono Boost)  
  32  2:55  Nexus  
  32  3:00  Probe (Chrono Boost)  
  33  3:08  Dark Shrine  
  33  3:11  Probe  
  34  3:23  Gateway  
  33  3:29  Gateway  
  33  3:42  Pylon  
  33  3:46  Probe  
  34  3:54  Robotics Facility  
  34  3:57  Stalker  
  36  4:06  Probe  
  37  4:13  Pylon  
  37  4:17  Probe (Chrono Boost)  
  39  4:24  Probe (Chrono Boost)  
  39  4:27  Probe (Chrono Boost)  
  39  4:30  Dark Templar  
  39  4:31  Dark Templar  
  44  4:36  Dark Templar  
  46  4:38  Probe  
  46  4:39  Probe  
  48  4:51  Probe  
  49  4:57  Probe  
  49  4:58  Immortal  
  54  5:03  Probe  
  55  5:12  Probe (Chrono Boost)  
  54  5:18  Assimilator  
  54  5:19  Pylon  
  54  5:21  Probe (Chrono Boost)  
  55  5:22  Assimilator  
  55  5:23  Probe (Chrono Boost)  
  55  5:28  Probe (Chrono Boost)  
  57  5:34  Probe  
  57  5:35  Pylon  
  56  5:38  Immortal (Chrono Boost)  
  56  5:39  Probe  
  56  5:40  Dark Templar  
  61  5:46  Forge  
  61  5:52  Pylon  
  61  5:53  Stalker x2  
  65  6:09  Probe x2  
  69  6:18  Immortal  
  69  6:21  Probe, Photon Cannon  
  69  6:24  Probe (Chrono Boost)  
  71  6:28  Photon Cannon  
  71  6:30  Gateway  
  71  6:32  Gateway  
  71  6:34  Probe (Chrono Boost)  
  71  6:36  Probe (Chrono Boost)  
  73  6:40  Pylon  
  73  6:44  Probe (Chrono Boost)  
  73  6:46  Probe (Chrono Boost)  
  75  6:48  Dark Templar  
  77  6:54  Sentry  
  77  6:55  Sentry  
  77  6:57  Probe x2  
  77  7:00  Pylon  
  83  7:12  Stalker  
  83  7:13  Stalker  
  83  7:15  Probe x2  

Tags
 
Add a new tag
Caveats
  • Supply blocks, unpowered buildings, or Contaminate may cause inaccurate times.
  • Supply counts are checked every 10 seconds.